 Dungeon Crawl Stone Soup version 0.29.1-1-gd02db69 (webtiles) character file.

Game seed: 896678462284341706

4 Timinator the Insei (level 1, 0/15 HPs)
             Began as a Demigod Transmuter on Jan 14, 2023.
             Slain by a quokka (3 damage)
             ... on level 1 of the Dungeon.
             The game lasted 00:00:44 (71 turns).

Timinator the Insei (Demigod Transmuter)              Turns: 71, Time: 00:00:45

Health: 0/15       AC:  2    Str: 11    XL:     1   Next: 40%
Magic:  4/5        EV: 12    Int: 15    God:
Gold:   32         SH:  0    Dex: 14    Spells: 2/3 levels left

rFire   . . .      SeeInvis .     - Unarmed
rCold   . . .      Faith    .   (no shield)
rNeg    . . .      Spirit   .   a - +0 robe
rPois   .          Reflect  .   (no helmet)
rElec   .          Harm     .   (no cloak)
rCorr   .          Rampage  .   (no gloves)
Will    .....                   (no boots)
Stlth   +.........              (no amulet)
HPRegen 0.05/turn               (no ring)
MPRegen 0.09/turn               (no ring)

@: no status effects
A: high MP 1, forlorn, divine attributes
a: no special abilities


You were on level 1 of the Dungeon.
You visited 1 branch of the dungeon, and saw 1 of its levels.

You collected 32 gold pieces.

Inventory:

Armour
 a - a +0 robe (worn)
Scrolls
 c - a scroll of torment {unknown}
Potions
 b - a potion of lignification


   Skills:
 + Level 0.9 Fighting
 + Level 0.1 Armour
 + Level 1.8 Dodging
 * Level 2.7 Unarmed Combat
 + Level 1.8 Spellcasting
 + Level 1.8 Transmutations


You had 2 spell levels left.
You knew the following spells:

 Your Spells              Type           Power      Damage    Failure   Level
a - Beastly Appendage     Tmut           12%        N/A       11%         1

Your spell library contained the following spells:

 Spells                   Type           Power      Damage    Failure   Level
 Wereblood                Tmut           6%         N/A       16%         2
 Spider Form              Tmut/Pois      4%         N/A       43%         3
 Ice Form                 Ice/Tmut       4%         N/A       83%         4


Dungeon Overview and Level Annotations

Branches:
Dungeon (1/15)


Innate Abilities, Weirdness & Mutations

You have an increased reservoir of magic. (+10% MP)
You shall have no god before yourself.
Your divine heritage dramatically boosts your attributes as you level up.


Message History

You kill the hobgoblin!
Casting: Beastly Appendage (safe; 11% risk of failure)
Confirm with . or Enter, or press ? or * to list all spells.
You extend your transformation's duration.
The kobold barely misses you.
You barely miss the kobold. You claw the kobold, but do no damage.
Your punch misses the kobold.
A kobold comes into view. It is wielding a +0 dagger.
The kobold misses you.
You barely miss the kobold.
A quokka comes into view.
The kobold hits you with a +0 club.
A goblin comes into view. It is wielding a +0 club.
The kobold shouts!
You hit the kobold but do no damage. Your kick misses the kobold.
Your transformation is almost over.
The kobold barely misses you.
You hit the kobold but do no damage. Your headbutt misses the kobold.
The kobold hits you with a +0 club.
You closely miss the kobold. Your punch misses the kobold.
The kobold hits you with a +0 club.
A kobold comes into view. It is wielding a +0 short sword.
You closely miss the kobold. The kobold closely misses you.
You barely miss the kobold.
The kobold shouts!
Your headbutt misses the kobold. The kobold hits you with a +0 club.
You hit the kobold but do no damage.
A rat comes into view.
The kobold hits you with a +0 club.
* * * LOW HITPOINT WARNING * * *
You closely miss the kobold. Your kick misses the kobold.
The kobold closely misses you.
You hit the kobold. You headbutt the kobold.
You kill the kobold!
You hit the quokka but do no damage. The quokka barely misses you.
You closely miss the quokka. You claw the quokka. You headbutt the quokka.
The quokka is almost dead.
Your horns disappear.
Your talons disappear.
The quokka bites you.
You die...

...#...≈...≈.≈...#
#..≈....≈<.≈..#
#...≈......≈..#
.......≈≈≈≈≈.≈..# ###
.##.##.......≈..# ....
# #.###...≈...≈.# .....
#.##..#..≈..≈.#
.....K###.#...###.≈.≈.#
....(gr@.......##.≈.≈.#
....Kg###.......#..≈..#
.?... #.......##....#
...? ##.......###...#
... .......)###....# ..
..............### .
##.#.......##..#
#.#.......##.##
........###.#


You could see a quokka, a hobgoblin, a goblin and 2 kobolds.

Vanquished Creatures
  A hobgoblin (D:1)
  A frilled lizard (D:1)
  2 kobolds (D:1)
  A rat (D:1)
5 creatures vanquished.

Notes
Turn   | Place    | Note
-------+----------+-------------------------------------------
     0 | D:1      | Timinator the Demigod Transmuter began the quest for the
                  | Orb.
     0 | D:1      | Reached XP level 1. HP: 15/15 MP: 5/5
    71 | D:1      | Slain by a quokka

Illustrated notes

Levels and vault maps discovered:
D:1:      ebering_trefoil_3fold, layout_rooms, serial_shops,
          nicolae_shop_advertising_works [nicolae_subvault_shop_adworks],
          st_stairs_2

Action                   || total
-------------------------++-------
Melee: Unarmed           ||    17
       Kick              ||     3
       Headbutt          ||     2
 Cast: Beastly Appendage ||     3
Dodge: Dodged            ||     6
